 Dungeon Crawl Stone Soup version 0.24.0-13-gcf9b319 (webtiles) character file.

Game seed: 3221781775541216095, levelgen mode: deterministic

107139 Fang the Warrior (level 16, -10/108 HPs)
             Began as a Gargoyle Berserker on Dec 3, 2019.
             Was the Champion of Trog.
             Killed from afar by a shock serpent (19 damage)
             ... with a bolt of electricity
             ... on level 1 of the Snake Pit.
             The game lasted 00:33:47 (27528 turns).

Fang the Warrior (Gargoyle Berserker)              Turns: 27528, Time: 00:33:47

Health: -10/108    AC:  0    Str: 28    XL:     16   Next: 46%
Magic:  16/16      EV: 20    Int:  8    God:    Trog [******]
Gold:   539        SH:  4    Dex:  9    Spells: 15/15 levels left

rFire    . . .     SeeInvis .   (weapon currently unavailable)
rCold    . . .     Gourm    .   (shield currently unavailable)
rNeg     + . .     Faith    .   (armour currently unavailable)
rPois    ∞         Spirit   .   (helmet currently unavailable)
rElec    .         Reflect  +   (cloak currently unavailable)
rCorr    .         Harm     .   (gloves currently unavailable)
MR       +++..                  (boots currently unavailable)
Stlth    +.........             x - +4 amulet of reflection
HPRegen  1.28/turn              (ring currently unavailable)
MPRegen  0.15/turn              (ring currently unavailable)

@: pig-form, berserk cooldown, flying, regenerating, slowed
A: small, negative energy resistance 1, petrification resistance, rot immunity,
AC +12
a: Berserk, Trog's Hand, Brothers in Arms, Renounce Religion


You were on level 1 of the Snake Pit.
You worshipped Trog.
Trog was exalted by your worship.
You were near starving.
You were a filthy swine.
You visited 5 branches of the dungeon, and saw 25 of its levels.
You also visited: Bailey.

You collected 3020 gold pieces.
You spent 2481 gold pieces at shops.

Inventory:

Hand Weapons
 a - a +6 broad axe of flaming (melded)
 p - the +0 broad axe of Kindness {venom, MR+ SInv}
   (You acquired it on level 10 of the Dungeon)

   It poisons the flesh of those it strikes.
   It affects your resistance to hostile enchantments.
   It lets you see invisible.
 K - a +4 broad axe of chopping
Armour
 b - a +6 plate armour (melded)
 j - a +2 helmet (melded)
 B - a +0 shield (melded)
 E - a scarf of spirit shield (melded)
 F - a +2 pair of gloves of strength (melded)
 J - a +2 pair of boots of running (melded)
Jewellery
 i - an uncursed ring of protection from cold
 n - a ring of protection from magic (melded)
 x - a +4 amulet of reflection (around neck)
 L - the ring of Fablud (melded) {+Blink MR- Int+2 Dex+3 Slay+3}
   (You bought it in a shop on level 2 of the Orcish Mines)

   [ring of dexterity]

   It affects your intelligence (+2).
   It affects your dexterity (+3).
   It affects your accuracy and damage with ranged weapons and melee attacks
   (+3).
   It affects your resistance to hostile enchantments.
   It lets you blink.
Wands
 d - a wand of iceblast (17)
 m - a wand of polymorph (8)
 r - a wand of paralysis (19)
 v - a wand of acid (15)
 A - a wand of random effects (12)
 C - a wand of enslavement (24)
 H - a wand of digging (5)
 I - a wand of flame (23)
Scrolls
 g - 5 scrolls of fog
 l - 11 scrolls of remove curse
 q - 8 scrolls of identify
 s - a scroll of magic mapping
 u - 4 scrolls of blinking
 y - 4 scrolls of teleportation
Potions
 e - 3 potions of berserk rage
 f - 15 potions of curing
 h - 5 potions of invisibility
 k - 4 potions of might
 o - 3 potions of agility
 t - a potion of heal wounds
 w - 4 potions of ambrosia
 z - 2 potions of resistance
 D - a potion of mutation
 G - 3 potions of haste
Comestibles
 c - 52 rations


   Skills:
 + Level 15.5 Fighting
 + Level 13.3 Axes
 + Level 15.3 Armour
 + Level 12.3 Dodging
 + Level 4.4 Shields


You had 15 spell levels left.
You didn't know any spells.
Your spell library was empty.

Dungeon Overview and Level Annotations

Branches:
Dungeon (15/15)            Temple (1/1) D:4            Lair (6/6) D:9
 Shoals (0/4) Lair:3        Snake (1/4) Lair:2        Slime (0/5) Lair:6
    Orc (2/2) D:11            Elf (0/3) Orc:2        Vaults (0/5) D:14
 Depths (0/5) D:15         Bailey (visited)

Altars:
Gozag
Ru
Uskayaw
Xom
Beogh
Jiyva

Shops:
D:11 *!   Orc:2 %=!*[%*=

Annotations:
Snake:1 Kirke


Innate Abilities, Weirdness & Mutations

You are resistant to torment.
((Your stone body is resilient. (AC +12)))
You are immune to poison.
((Your large and strong wings let you fly indefinitely.))
You resist negative energy. (rN+)
((You are resistant to electric shocks. (rElec)))
((You can survive without breathing.))
You are immune to petrification.
You are immune to rotting.


Message History

You block the shock serpent's attack.
You feel much better. The shock serpent barely misses you.
The naga sharpshooter gestures wildly while chanting.
The naga sharpshooter magically shoots an arrow.
The arrow hits you!!
* * * LOW HITPOINT WARNING * * *
The shock serpent completely misses you.
The naga sharpshooter shoots an arrow.
The arrow completely misses you.
You feel much better. The shock serpent misses you.
The shock serpent shoots out a bolt of lightning at you!
The bolt of electricity hits you!!
* * * LOW HITPOINT WARNING * * *
The bolt of electricity misses you.
The naga sharpshooter shoots an arrow.
The arrow completely misses you.
Your skin crawls.
You feel resistant to hostile enchantments.
You feel somewhat more hungry.
The shock serpent shoots out a bolt of lightning at you!
The bolt of electricity hits you!!
You die...

#.....###
#.....N. .
##...... #
#......# ### #
###......####
..#..
.##...........#
.....
..........##
.....
.......S...#
.....
.......h...#
...#
............#
.[.#
............#
.....
......####...#
..... .....#
##.# .....
..... #.# .....
.... ## #....
.... ##..


You could see a naga sharpshooter and a shock serpent.

Vanquished Creatures
  Gastronok (D:12)
  An orc warlord (Orc:1)
  An ironheart preserver (D:14)
  A stone giant (D:15)
  A dire elephant (Lair:6)
  An ettin (D:15)
  The ghost of shrubosaur the Basher, a journeyman GrFi of Trog (Lair:6)
  2 naga warriors (Snake:1)
  6 hydras
  3 centaur warriors
  2 catoblepae
  Erica (D:11)
  A deep troll shaman (Lair:6)
  A tengu warrior (D:15)
  2 ogre magi (D:15)
  3 two-headed ogres
  6 death yaks
  5 orc high priests
  A deep elf knight (Orc:1)
  Sonja (D:12)
  Nergalle (D:11)
  2 unseen horrors (D:15)
  A deep troll (D:15)
  Pikel (D:3)
  3 orc knights
  6 deep elf magi
  2 orc sorcerers
  7 ugly things
  4 cyclopes
  An orb spider (shapeshifter) (D:13)
  A wolf spider (D:13)
  17 elephants
  2 manticores
  A salamander (Snake:1)
  A centaur zombie (D:13)
  2 moths of wrath (Lair:6)
  A guardian serpent (Snake:1)
  6 black mambas
  Joseph (D:9)
  A naga mage (Snake:1)
  20 spiny frogs
  7 gargoyles
  2 spiny frogs (shapeshifter)
  A freezing wraith (D:14)
  An efreet (D:15)
  6 komodo dragons
  A kobold demonologist (D:12)
  9 rime drakes
  2 tengu conjurers (D:15)
  10 trolls
  A queen bee (Lair:3)
  A hornet (Lair:3)
  2 polar bears
  3 meliai zombies
  A polar bear (shapeshifter) (D:14)
  11 slime creatures (D:15)
  22 blink frogs
  8 hippogriffs
  45 yaks
  4 basilisks
  A spriggan (Lair:4)
  A vampire (D:15)
  2 hungry ghosts
  A wraith (D:10)
  2 hogs (Snake:1)
  4 wyverns
  Grum (D:9)
  A hog (shapeshifter) (D:14)
  2 vampire mosquitoes (D:12)
  2 wargs (Orc:1)
  6 nagas (Snake:1)
  An acid dragon (D:11)
  9 water moccasins
  15 porcupines
  42 orc warriors
  4 ice beasts
  5 sky beasts
  3 black bears
  An eye of draining (D:14)
  2 slaves (D:4)
  9 ogres
  3 necrophages
  8 centaurs
  A phantom (D:13)
  33 wolves
  10 crocodiles
  A big kobold (D:10)
  19 bullfrogs
  A wyvern skeleton (D:14)
  4 scorpions
  25 killer bees
  2 electric eels
  4 wights (D:14)
  3 howler monkeys
  6 crimson imps
  A bullfrog zombie (D:11)
  8 hounds
  4 jellies
  3 bullfrog skeletons
  27 orc priests
  33 orc wizards
  Jessica (D:3)
  6 centaur skeletons
  3 iguanas
  Ijyb (D:4)
  8 worker ants
  A howler monkey skeleton (D:10)
  2 worker ant zombies
  14 gnolls
  7 adders
  4 shadow imps
  An adder zombie (D:8)
  3 dart slugs (D:1)
  8 leopard geckos
  132 orcs
  5 giant cockroaches
  19 goblins
  9 hobgoblins
  3 jackals (D:6)
  19 kobolds
  5 quokkas
  A ball python (D:2)
  9 bats
  5 frilled lizards
  A jackal skeleton (D:6)
  A quokka skeleton (D:7)
  9 rats
  A bush (Lair:2)
  4 fungi
  13 plants
864 creatures vanquished.

Vanquished Creatures (collateral kills)
  A hippogriff (Lair:3)
  A wolf (Lair:3)
  10 killer bees (Lair:3)
12 creatures vanquished.

Vanquished Creatures (others)
  A gnoll (D:4)
  A leopard gecko (D:4)
  2 jackals (D:4)
  A kobold (Bailey)
  6 fungi
  9 plants
20 creatures vanquished.

Grand Total: 896 creatures vanquished

Notes
Turn   | Place    | Note
-------+----------+-------------------------------------------
     0 | D:1      | Fang the Gargoyle Berserker began the quest for the Orb.
     0 | D:1      | Reached XP level 1. HP: 14/14 MP: 1/1
    88 | D:1      | Reached XP level 2. HP: 7/19 MP: 2/2
   601 | D:1      | Reached XP level 3. HP: 18/23 MP: 3/3
   798 | D:1      | Reached ** piety under Trog
  1135 | D:2      | Reached XP level 4. HP: 29/29 MP: 4/4
  1472 | D:2      | Found an opulent altar of Gozag.
  2374 | D:3      | Noticed Jessica
  2382 | D:3      | Killed Jessica
  2382 | D:3      | Reached XP level 5. HP: 31/33 MP: 5/5
  2802 | D:4      | Reached *** piety under Trog
  2802 | D:4      | Noticed a slave
  2809 | D:4      | Noticed a slave
  2812 | D:4      | Noticed a slave
  2813 | D:4      | Noticed Pikel
  2814 | D:4      | Noticed a slave
  2836 | D:3      | Reached XP level 6. HP: 25/39 MP: 6/6
  2971 | D:4      | Killed a slave
  2972 | D:4      | Killed a slave
  3014 | D:3      | Killed Pikel
  3014 | D:3      | Reached skill level 5 in Fighting
  3014 | D:3      | Reached XP level 7. HP: 44/44 MP: 7/7
  3083 | D:4      | Reached skill level 5 in Armour
  3291 | D:4      | Reached XP level 8. HP: 51/51 MP: 8/8
  3415 | D:4      | Found a staircase to the Ecumenical Temple.
  3461 | Temple   | Entered the Ecumenical Temple
  3499 | D:4      | Reached skill level 5 in Axes
  3719 | D:4      | Noticed Ijyb
  3733 | D:4      | Killed Ijyb
  4436 | D:5      | Entered Level 5 of the Dungeon
  4698 | D:5      | Found a shimmering altar of Xom.
  5061 | D:5      | Reached **** piety under Trog
  6393 | D:7      | Paralysed by fainting for 5 turns
  6398 | D:7      | Reached skill level 5 in Dodging
  6398 | D:7      | Reached XP level 9. HP: 53/57 MP: 9/9
  7704 | D:8      | Reached XP level 10. HP: 42/64 MP: 10/10
  7923 | D:8      | Found a sacrificial altar of Ru.
  8151 | D:9      | Noticed Joseph
  8191 | D:9      | Killed Joseph
  8191 | D:9      | Reached ***** piety under Trog
  8334 | D:9      | Noticed Grum
  8364 | D:9      | Killed Grum
  8491 | D:9      | Paralysed by fainting for 12 turns
  8571 | D:9      | Found a roughly hewn altar of Beogh.
  8652 | D:9      | Found a staircase to the Lair.
  8899 | D:10     | Entered Level 10 of the Dungeon
  8906 | D:10     | Identified a scroll of acquirement
  8972 | D:10     | Noticed a gargoyle
  9230 | D:10     | Got a bloodstained broad axe
  9231 | D:10     | Identified the +0 broad axe of Kindness {venom, MR+ SInv}
                  | (You acquired it on level 10 of the Dungeon)
 10015 | D:10     | Reached XP level 11. HP: 70/71 MP: 11/11
 10269 | D:11     | Received a gift from Trog
 10281 | D:11     | Got a crude battleaxe {god gift}
 10282 | D:11     | Identified the +2 battleaxe of Doubt {elec, Dex+4} (Trog
                  | gifted it to you on level 11 of the Dungeon)
 10290 | D:11     | Found Colanokh's Distillery.
 10309 | D:11     | Bought a potion of heal wounds for 55 gold pieces
 10696 | D:11     | Noticed Nergalle
 10719 | D:11     | Noticed a spectral orc warlord
 10720 | D:11     | Killed Nergalle
 10720 | D:11     | Reached skill level 10 in Fighting
 10741 | D:11     | Reached skill level 10 in Armour
 10989 | D:11     | Noticed a two-headed ogre
 11001 | D:11     | Killed a two-headed ogre
 11122 | D:11     | Noticed Erica
 11142 | D:11     | Killed Erica
 11411 | D:11     | Found a staircase to the Orcish Mines.
 11465 | D:11     | Found Voatur's Pet Rocks.
 11642 | D:11     | Noticed an orc knight
 11964 | D:10     | Reached XP level 12. HP: 79/79 MP: 12/12
 12427 | D:11     | Found a roughly hewn altar of Beogh.
 12627 | Lair:1   | Entered Level 1 of the Lair of Beasts
 13859 | Lair:1   | You fall into a shaft and drop 1 floor!
 14037 | Lair:2   | Received a gift from Trog
 14097 | Lair:2   | Reached skill level 10 in Axes
 14119 | Lair:2   | Found a staircase to the Snake Pit.
 15912 | Lair:3   | Reached XP level 13. HP: 85/86 MP: 8/13
 16364 | Lair:3   | Found a staircase to the Shoals.
 16979 | Lair:4   | Reached ****** piety under Trog
 17200 | Lair:4   | Found a frozen archway.
 17619 | Lair:4   | Reached skill level 10 in Dodging
 18035 | Lair:5   | Received a gift from Trog
 18389 | Lair:5   | Gained mutation: Your large and strong wings let you fly
                  | indefinitely. [Gargoyle growth]
 18389 | Lair:5   | Reached XP level 14. HP: 51/94 MP: 14/14
 18752 | Lair:5   | Found a hide-covered altar of Uskayaw.
 19060 | Lair:6   | Entered Level 6 of the Lair of Beasts
 19217 | Lair:6   | Found a transporter.
 19221 | Lair:6   | Noticed shrubosaur's ghost (journeyman GrFi)
 19524 | Lair:6   | Found a staircase to the Slime Pits.
 19524 | Lair:6   | Found a viscous altar of Jiyva.
 19973 | Lair:6   | Found a transporter.
 20055 | Lair:6   | Noticed a dire elephant
 20075 | Lair:6   | Killed a dire elephant
 20309 | Lair:6   | Found the +0 staff of Battle
 20899 | Lair:6   | Killed shrubosaur's ghost
 21489 | D:12     | Received a gift from Trog
 21496 | D:12     | Noticed Sonja
 21542 | D:12     | Killed Sonja
 21567 | D:12     | Noticed Gastronok
 21575 | D:12     | Killed Gastronok
 21575 | D:12     | Reached XP level 15. HP: 100/100 MP: 15/15
 21851 | D:12     | Found a gate leading to a gauntlet.
 22931 | D:14     | Identified a +1 pair of boots of running (You acquired it
                  | on level 14 of the Dungeon)
 22961 | D:14     | Received a gift from Trog
 23099 | D:14     | Found a gate to the Vaults.
 23341 | D:14     | Identified the +6 falchion "Iserepne" {slice, SInv}
 23746 | D:15     | Entered Level 15 of the Dungeon
 24159 | D:15     | Found a staircase to the Depths.
 24197 | D:15     | Reached skill level 1 in Shields
 24221 | D:15     | Received a gift from Trog
 24221 | D:15     | Reached skill level 15 in Fighting
 25034 | Orc:1    | Entered Level 1 of the Orcish Mines
 25044 | Orc:1    | Reached skill level 15 in Armour
 25064 | Orc:1    | Found a roughly hewn altar of Beogh.
 25151 | Orc:1    | Found a flagged portal.
 25158 | Bailey   | Entered a bailey
 25172 | Bailey   | Identified the +3 chain mail "Lofieb" {MP+9 Dex+2}
 25206 | Bailey   | Found the +8 storm bow {elec, penet}
 25236 | Bailey   | Reached XP level 16. HP: 108/108 MP: 16/16
 25340 | Bailey   | Received a gift from Trog
 25892 | Orc:2    | Entered Level 2 of the Orcish Mines
 25992 | Orc:2    | Found Danor's Distillery.
 25992 | Orc:2    | Found Omayphiwn's Jewellery Shop.
 26148 | Orc:2    | Found Cuwo's Food Shop.
 26275 | Orc:2    | Found a staircase to the Elven Halls.
 26450 | Orc:2    | Found Ruuneih's Food Shoppe.
 26450 | Orc:2    | Found Qecamiozu's Antique Armour Shoppe.
 26454 | Orc:2    | Found Arghaddu's Jewellery Emporium.
 26454 | Orc:2    | Found Vubucie's Assorted Antiques.
 26462 | Orc:2    | Received a gift from Trog
 26565 | Orc:2    | Found Asaown's General Store.
 26583 | Orc:2    | Bought the ring of Fablud {+Blink MR- Int+2 Dex+3 Slay+3}
                  | for 634 gold pieces
 26880 | Orc:2    | Bought 3 scrolls of brand weapon for 1680 gold pieces
 27062 | Snake:1  | Entered Level 1 of the Snake Pit
 27231 | Orc:2    | Bought a scroll of enchant weapon for 112 gold pieces
 27496 | Snake:1  | Noticed Kirke
 27528 | Snake:1  | Killed from afar by a shock serpent

Levels and vault maps discovered:
D:1:      dpeg_arrival_rhombus, layout_basic
D:2:      layout_loops_cross, first_ration, lemuel_statue_altar
D:3:      layout_basic, uniq_jessica
D:4:      layout_loops_ring, minmay_temple_entry_statues_fountains, minivault_5,
          uniq_pikel, uniq_ijyb
D:5:      layout_basic, lemuel_altar_in_water
D:6:      layout_gridville, kennysheep_small_spiral, minmay_large_rounded_square
D:7:      layout_basic
D:8:      layout_basic, lemuel_doored_altar, grunt_ogre_cave
D:9:      layout_roguey, grunt_lair_entry_orc_guard_hut, special_room
          [special_room_orc], lemuel_flame_loot_1, uniq_joseph, uniq_grum
D:10:     layout_basic, serial_bayou_lagoon_a, chequers_serial_rivers_small_3,
          minmay_holes
D:11:     layout_long_grid, orc_david_3, special_room [special_room_orc],
          serial_shops, shop, guppyfry_shop_earth, uniq_nergalle, uniq_erica
D:12:     layout_roguey, gauntlet_entry_generic, uniq_gastronok, uniq_sonja
D:13:     layout_basic, serial_bayou_pond_a
D:14:     layout_irregular_city, skrybe_vaults_entry_preservation,
          small_statue_intersection, minmay_quadrilaterals
D:15:     hangedman_depths_entry_civil_slaughter, layout_basic,
          minmay_misc_feat_hallway, kb_rosetta
Temple:   regret_index_temple_sigil_plot
Lair:1:   layout_layer_cave, st_stairs_13, beast_lair_carwin_2
Lair:2:   wad_woods_structure_01, layout_gridlike, dummy_snake_entry,
          beast_lair_carwin_10
Lair:3:   layout_roguey [special_room_bee], elwin_shoals_entry_rocks,
          special_room, lemuel_fruit_tree, infiniplex_staircase_pool_2,
          grunt_megastairs_2
Lair:4:   layout_layer_cave, portal_ice_cave_rime, grunt_forest_stairs_clearing
Lair:5:   layout_cave_pods, basic_altar, serial_bayou_pond_c,
          infiniplex_staircase_pool
Lair:6:   grunt_lair_end_beastmaster, layout_regular_city, slime_altar_1,
          gammafunk_ghost_berserking_beasts
Snake:1:  layout_layer_cave, drop_trap, uniq_kirke
Orc:1:    layout_caves, enter_bailey_3, basic_altar, elf_legates
Orc:2:    st_orc_mages, layout_caves, serial_shops, nicolae_shop_waterfront,
          shop, shop, shop

Skill      XL: |  1  2  3  4  5  6  7  8  9 10 11 12 13 14 15 16 |
---------------+-------------------------------------------------+-----
Axes           | 3 4 5 6 8 9 10 11 12 13 | 13.3
Dodging        | 2 3 5 6 7 8 9 10 11 12 | 12.3
Armour         | 3 4 5 6 7 9 10 11 12 14 15 | 15.3
Fighting       | 4 5 7 8 9 10 12 13 14 15 | 15.5
Shields        | 2 4 |  4.4

Action                   |  1- 3 |  4- 6 |  7- 9 | 10-12 | 13-15 | 16-18 || total
-------------------------+-------+-------+-------+-------+-------+-------++-------
Melee: Hand axe          |    85 |   193 |   233 |       |       |       ||   511
       War axe           |       |       |   280 |   262 |       |       ||   542
       Broad axe         |       |       |       |   497 |  1069 |   282 ||  1848
       Unarmed           |       |       |       |       |       |    11 ||    11
Invok: Berserk           |     2 |     3 |     5 |    10 |    12 |     6 ||    38
       Trog's Hand       |       |     2 |       |     2 |     2 |     5 ||    11
       Brothers in Arms  |       |       |       |       |     1 |       ||     1
 Abil: Fly               |       |       |       |       |     1 |       ||     1
  Use: Scroll            |       |       |       |    28 |    13 |     9 ||    50
       Potion            |       |       |       |       |     1 |     3 ||     4
 Stab: Sleeping          |     1 |     1 |       |       |       |       ||     2
       Petrified         |       |       |       |       |    17 |       ||    17
  Eat: Chunk             |     2 |     7 |    19 |    34 |    39 |     9 ||   110
       Ration            |       |     1 |     3 |     2 |     1 |     1 ||     8
Armor: Animal skin       |    18 |    42 |       |       |       |       ||    60
       Chain mail        |       |   134 |   296 |       |       |       ||   430
       Plate armour      |       |       |    36 |   630 |  1171 |   184 ||  2021
Dodge: Dodged            |    49 |   154 |   236 |   419 |   838 |   136 ||  1832
Block: Other             |       |       |    62 |   136 |   231 |     8 ||   437
       Reflection        |       |       |       |       |    21 |    10 ||    31
       Shield            |       |       |       |       |   117 |   226 ||   343
